 Dungeon Crawl Stone Soup version 0.27.1-4-g1640c2035a (webtiles) character file.

Game seed: 11628988372357595232

130 raph the Firebug (level 4, -1/30 HPs)
             Began as a Demonspawn Fire Elementalist on Oct 31, 2021.
             Slain by Grinder (3 damage)
             ... while paralysed by Grinder
             ... on level 3 of the Dungeon.
             The game lasted 00:05:18 (3126 turns).

raph the Firebug (Demonspawn Fire Elementalist)     Turns: 3126, Time: 00:05:18

Health: -1/30      AC:  2    Str:  9    XL:     4   Next: 90%
Magic:  5/7        EV:  2    Int: 17    God:
Gold:   141        SH:  0    Dex: 13    Spells: 4/8 levels left

rFire    + . .     SeeInvis .   b - +1 dagger
rCold    . . .     Faith    .   (no shield)
rNeg     . . .     Spirit   .   a - +0 robe
rPois    +         Reflect  .   (no helmet)
rElec    .         Harm     .   (no cloak)
rCorr    .         Rampage  .   (no gloves)
Will     .....                  (no boots)
Stlth    ++........             (no amulet)
HPRegen  0.10/turn              d - ring of protection from fire
MPRegen  0.10/turn              i - ring of poison resistance

@: paralysed
A: condensation shield
a: no special abilities


You were on level 3 of the Dungeon.
You visited 1 branch of the dungeon, and saw 4 of its levels.

You collected 141 gold pieces.

Inventory:

Hand Weapons
 b - a +1 dagger (weapon)
Armour
 a - a +0 robe (worn)
Jewellery
 d - a ring of protection from fire (left hand)
 i - a ring of poison resistance (right hand)
Scrolls
 e - 3 scrolls of amnesia
 f - 3 scrolls of identify
Potions
 h - a potion of haste
 j - 2 potions of curing {unknown}
 k - a potion of ambrosia {unknown}
 l - a potion of heal wounds {unknown}


   Skills:
 + Level 2.3 Dodging
 + Level 2.4 Stealth
 + Level 2.5 Spellcasting
 * Level 2.6 Conjurations
 * Level 3.6 Fire Magic


You had 4 spell levels left.
You knew the following spells:

 Your Spells              Type           Power      Damage    Failure   Level
a - Foxfire               Conj/Fire      48%        2x1d6     5%          1
b - Conjure Flame         Conj/Fire      12%        6-21      16%         3

Your spell library contained the following spells:

 Spells                   Type           Power      Damage    Failure   Level
 Inner Flame              Hex/Fire       8%         N/A       26%         3
 Sticky Flame             Conj/Fire      12%        2d4       45%         4
 Fireball                 Conj/Fire      6%         3d5       82%         5


Dungeon Overview and Level Annotations

Branches:
Dungeon (4/15)
 Temple: D:4-7

Altars:
Cheibriados

Annotations:
D:3 Grinder


Innate Abilities, Weirdness & Mutations

A meltable shield of frost defends you. (SH +4)


Message History

Confirm with . or Enter, or press ? or * to list all spells.
You conjure some foxfire!
The goblin shouts!
The foxfire hits the goblin.
You kill the goblin!
Your foxfire dissipates!
You see here a +0 club.
Grinder is nearby!
A bat comes into view.
You see here a +0 club.
Grinder shouts!
Items here: )) [[.
You start waiting.
Grinder is nearby!
Casting: Foxfire (safe; 5% risk of failure)
Confirm with . or Enter, or press ? or * to list all spells.
You conjure some foxfire!
Casting: Foxfire (safe; 5% risk of failure)
Confirm with . or Enter, or press ? or * to list all spells.
You conjure some foxfire!
The foxfire hits Grinder.
Grinder is lightly wounded.
The foxfire hits Grinder.
Grinder is lightly wounded.
Grinder gestures at you.
You suddenly lose the ability to move!
The foxfire hits Grinder.
Grinder is moderately wounded.
The foxfire hits Grinder.
Grinder is moderately wounded.
Grinder hits you!
Grinder says, "Mostly I couldn't keep them alive."
Grinder gestures at you.
You shrug off the repeated paralysis!
Grinder hits you.
You writhe in agony.
Grinder hits you!
* * * LOW HITPOINT WARNING * * *
You writhe in agony.
* * * LOW HITPOINT WARNING * * *
Grinder hits you.
You die...

#..#.##..# .. #.
#..5.....# #.
#........# #.
####.##### ###. #.#
########.). #.#
#.....##.## #.#####
#.###.##.#
#.#...#####.###.##.#
#..5@.........#.##.#
###...#####.#.)....#
##### #.###.####
#.....# #######


You could see Grinder.

Vanquished Creatures
  An orc wizard (D:3)
  3 gnolls (D:4)
  An adder (D:2)
  A worm (D:2)
  3 dart slugs
  3 orcs (D:3)
  3 endoplasms (D:1)
  A giant cockroach (D:3)
  10 goblins
  3 hobgoblins
  3 jackals (D:2)
  4 kobolds
  A quokka (D:2)
  5 ball pythons
  5 bats
  6 frilled lizards
  4 rats (D:1)
57 creatures vanquished.

Vanquished Creatures (others)
  148 foxfires
148 creatures vanquished.

Grand Total: 205 creatures vanquished

Notes
Turn   | Place    | Note
-------+----------+-------------------------------------------
     0 | D:1      | raph the Demonspawn Fire Elementalist began the quest for
                  | the Orb.
     0 | D:1      | Reached XP level 1. HP: 13/13 MP: 3/3
   485 | D:1      | Gained mutation: A meltable shield of frost defends you.
                  | (SH +4) [demonic ancestry]
   485 | D:1      | Reached XP level 2. HP: 19/19 MP: 3/5
   790 | D:1      | Reached skill level 3 in Fire Magic
  1149 | D:1      | Reached XP level 3. HP: 24/24 MP: 2/6
  1153 | D:1      | Learned a level 3 spell: Conjure Flame
  2013 | D:2      | Found a faded altar of an unknown god.
  2177 | D:3      | Noticed Grinder
  2303 | D:4      | Found a snail-covered altar of Cheibriados.
  2502 | D:4      | Reached XP level 4. HP: 30/30 MP: 2/7
  2538 | D:4      | HP: 1/30 [gnoll (1)]
  3120 | D:3      | Paralysed by Grinder for 7 turns
  3126 | D:3      | Slain by Grinder

Illustrated notes

Levels and vault maps discovered:
D:1:      kennysheep_arrival_forest, layout_basic
D:2:      layout_loops_ring, basic_ecumenical_altar,
          hangedman_abyss_or_decor_stabs
D:3:      layout_loops_cross, nicolae_vehumet_radiance,
          mainiacjoe_overflow_concentric_impassable, serial_shops, shop,
          nicolae_shop_stone, shop, uniq_grinder
D:4:      layout_gridville, kennysheep_slug_shrine

Skill      XL: |  1  2  3 |
---------------+----------+-----
Stealth        | 2 |  2.4
Fire Magic     | 3 |  3.6
Dodging        | 2 |  2.3
Conjurations   | 2 |  2.6
Spellcasting   | |  2.5

Action                   |  1- 3 |  4- 6 || total
-------------------------+-------+-------++-------
Melee: Dagger            |    20 |    11 ||    31
 Cast: Foxfire           |    68 |    19 ||    87
  Use: Scroll            |       |     4 ||     4
       Potion            |       |     1 ||     1
Armor: Robe              |    12 |       ||    12
Dodge: Dodged            |    49 |     8 ||    57
Block: Other             |     5 |     5 ||    10
